Map: Rifts to Korhal

Players

NamroodTuo

  • Race: Terran Terran
  • Spawn Location: 7:00

propagandalf

  • Race: Zerg Zerg
  • Spawn Location: 7:00

VOD

Have the link to the VOD?

Description

Time

  • Played on: April 17, 2023, 12:28 p.m.
  • Length: 20:05
Show
View Real Time Build Order
Export as new Build Order

NamroodTuo Terran 

Build Orders:  

Get SALT Encoding   

  12  0:03  SCV  
  13  0:17  SCV  
  14  0:38  Factory  
  14  0:40  SCV  
  15  0:56  Supply Depot  
  15  1:08  SCV  
  16  1:21  SCV  
  17  1:30  Refinery  
  17  1:35  SCV  
  18  1:48  SCV  
  19  2:02  SCV  
  19  2:05  Refinery  
  20  2:39  Goliath  
  22  3:25  Supply Depot  
  22  3:33  Goliath  
  20  4:25  Supply Depot  
  20  4:27  Supply Depot  
  20  4:41  Engineering Bay  
  20  4:47  Armory  
  20  4:51  Goliath  
  22  5:07  Command Center  
  22  5:23  Goliath  
  24  5:50  Starport  
  24  6:00  Starport  
  24  6:43  SCV  
  25  6:56  SCV  
  26  7:10  SCV  
  26  7:12  Starport Tech Reactor  
  26  7:13  Starport Tech Reactor  
  26  7:18  Advanced Optics  
  27  7:23  SCV  
  28  7:30  SCV  
  28  7:37  SCV  
  30  7:44  SCV  
  31  7:50  SCV  
  33  8:04  SCV  
  33  8:18  SCV, Refinery  
  34  8:20  Refinery  
  34  8:29  Goliath  
  36  8:35  Science Vessel  
  38  9:01  Goliath  
  40  9:48  Upgrade Laser Drill Level 1  
  40  10:09  Wraith x2  
  44  10:10  Wraith x2  
  48  10:23  Regenerative Bio-Steel  
  48  10:29  SCV  
  49  10:34  SCV  
  50  10:42  SCV  
  50  10:47  SCV  
  50  10:49  Science Vessel x2  
  56  10:56  SCV  
  57  11:01  SCV  
  57  11:09  SCV  
  58  11:10  Supply Depot  
  58  11:15  SCV  
  58  11:16  Pulse Amplifier  
  60  11:23  SCV  
  60  11:28  SCV  
  62  11:36  SCV, Supply Depot  
  63  11:42  SCV  
  63  11:43  Wraith x3  
  70  11:53  Terran Vehicle And Ship Armor Level 1  
  70  11:58  Supply Depot  
  70  12:15  Displacement Field  
  70  12:17  Wraith  
  72  12:23  Wraith x3  
  68  12:54  Supply Depot  
  68  12:56  Wraith  
  70  13:03  Science Vessel x2, Wraith  
  70  13:06  SCV  
  77  13:16  Supply Depot  
  77  13:19  SCV  
  77  13:24  SCV  
  79  13:33  SCV  
  79  13:36  Supply Depot  
  79  13:38  SCV  
  81  13:44  Wraith x2  
  81  13:46  SCV  
  86  13:51  SCV  
  86  13:57  Improved Nano-Repair  
  86  13:59  Defensive Matrix  
  87  14:00  SCV  
  87  14:05  SCV  
  87  14:06  Fire-Suppression Systems  
  89  14:18  SCV  
  90  14:33  Terran Vehicle and Ship Weapons Level 1  
  90  14:34  Wraith x3  
  90  14:35  Wraith  
  98  14:45  Supply Depot  
  98  15:09  Supply Depot  
  98  15:14  Wraith x2  
  102  15:27  Wraith x2  
  106  15:30  Supply Depot  
  106  15:54  Wraith x2  
  110  16:07  Wraith x2  
  114  16:31  Supply Depot  
  114  16:34  Wraith x2  
  118  16:46  Wraith  
  118  16:47  Wraith  
  122  16:54  Supply Depot  
  122  17:14  Wraith  
  98  17:30  Wraith x3  
  104  17:53  Wraith  
  106  18:10  Wraith x3  
  112  18:33  Wraith  
  114  18:50  Wraith x3  
Show
View Real Time Build Order
Export as new Build Order

propagandalf Zerg 

Build Orders:  

Get SALT Encoding   

  12  0:03  Drone  
  13  0:11  Drone  
  14  0:25  Overlord  
  14  0:50  Drone x3  
  17  1:05  Spawning Pool  
  16  1:10  Extractor  
  16  1:11  Drone  
  16  1:24  Drone  
  17  1:34  Drone  
  17  1:37  Queen  
  20  1:47  Drone  
  21  2:05  Extractor, Drone  
  21  2:10  Evolution Chamber  
  20  2:45  Zergling x2  
  20  2:46  Zergling x2  
  22  3:14  Zergling x4  
  22  3:18  Zergling x3  
  22  3:20  Zergling  
  20  3:38  Zergling  
  18  4:09  Drone x3  
  21  4:15  Overlord  
  21  4:40  Queen  
  23  4:54  Drone x5  
  28  5:11  Heroic Fortitude  
  28  5:15  Drone  
  29  5:33  Hatchery  
  29  5:34  Hatchery  
  27  6:11  Drone x2  
  27  6:19  Overlord  
  29  6:20  Overlord  
  29  6:22  Overlord  
  29  6:26  Lair  
  29  6:53  Drone x3  
  32  7:01  Queen  
  32  7:02  Queen  
  36  7:30  Hatchery, Chain Reaction  
  36  7:32  Extractor, Hive  
  36  7:33  Extractor  
  36  7:34  Drone x2  
  35  8:02  Drone x2  
  35  8:03  Drone  
  35  8:04  Drone x3  
  35  8:06  Drone  
  35  8:07  Drone x11  
  53  8:25  Drone x2  
  53  8:26  Drone x2  
  57  9:57  Spire x2  
  55  10:53  Overlord x4  
  55  10:54  Overlord x4  
  55  10:55  Overlord x2  
  55  10:56  Overlord x2  
  55  10:57  Overlord x2  
  55  11:00  Queen  
  55  11:01  Queen  
  55  11:02  Queen  
  61  11:37  Unknown, Rapid Regeneration  
  61  11:56  Unknown, Zerg Flyer Weapons Level 1  
  61  12:05  Ability Efficiency  
  61  12:13  Zerg Flyer Armor Level 1  
  61  12:47  Metabolic Boost  
  61  12:51  Mutalisk  
  61  12:52  Mutalisk x11  
  61  12:53  Mutalisk x21  
  61  12:54  Mutalisk  
  61  12:55  Mutalisk  
  131  13:17  Zerg Ground Armor Level 1  
  131  13:23  Hardened Carapace  
  131  13:59  Adrenal Overload  
  131  14:03  Mutalisk  
  131  14:04  Mutalisk x13  
  159  14:32  Mutalisk  
  159  14:33  Mutalisk x11  
  159  14:35  Overlord x2, Shredding Claws  
  159  14:36  Overlord  
  179  15:10  Zerg Flyer Weapons Level 2  
  179  15:11  Zerg Flyer Armor Level 2  
  179  15:22  Overseer x3  
  179  15:23  Overseer  
  175  16:01  Unknown  
  175  16:05  Mutalisk  
  175  16:06  Mutalisk x11  
  181  19:06  Overlord  
  181  19:07  Overlord x4  
  181  19:08  Overlord  
Tags
 
Commander
KerriganSwann
Matchup
Co-op
Replay Pack
Multiplayer
Add a new tag
Caveats
  • Supply blocks, unpowered buildings, or Contaminate may cause inaccurate times.
  • Supply counts are checked every 10 seconds.